 Dungeon Crawl Stone Soup version 0.20.1-1-g8b1a95d (webtiles) character file.

691 chorizette the Ruffian (level 7, 0/66 HPs)
             Began as a Troll Fighter on Sept 16, 2017.
             Slain by an orc wizard
             ... wielding a +0 dagger
              (2 damage)
             ... on level 4 of the Dungeon.
             The game lasted 00:53:19 (3370 turns).

chorizette the Ruffian (Troll Fighter)              Turns: 3370, Time: 00:53:20

Health: 0/66       AC:  7    Str: 30    XL:     7   Next: 36%
Magic:  0/6        EV:  9    Int:  4    God:
Gold:   185        SH: 11    Dex: 11    Spells: 6/6 levels left

rFire    . . .     SeeInvis .     - Unarmed
rCold    . . .     Gourm    +   b - +1 shield
rNeg     . . .     Faith    .   a - +0 robe
rPois    .         Spirit   +   q - +2 hat
rElec    .         Reflect  .   (no cloak)
rCorr    .         Harm     .   (gloves unavailable)
MR       .....                  (boots unavailable)
Stlth    +.........             B - amulet of guardian spirit
Regen    0.7/turn               (no ring)
MPRegen  0.1/turn               (no ring)

@: mighty
A: unfitting armour, claws 3, fast metabolism 3, gourmand, regeneration 1,
shaggy fur 1, tough skin 2
a: no special abilities


You were on level 4 of the Dungeon.
You were very full.

You visited 1 branch of the dungeon, and saw 5 of its levels.

You collected 185 gold pieces.

Inventory:

Hand Weapons
 z - a +0 war axe
 A - a +0 morningstar
 F - a +3 hand axe
Missiles
 i - 99 stones (quivered)
 v - 16 sling bullets
 y - 2 throwing nets
Armour
 a - a +0 robe (worn)
 b - a +1 shield (worn)
 q - a +2 hat (worn)
Jewellery
 B - an amulet of guardian spirit (around neck)
Wands
 s - a wand of clouds (5/9)
 u - a wand of acid (4/15)
Scrolls
 e - 3 scrolls of remove curse
 f - 2 scrolls of random uselessness {unknown}
 h - a scroll of identify
 k - a scroll of blinking {unknown}
 l - 2 scrolls of enchant armour
 n - 4 scrolls of amnesia
 p - 2 scrolls of magic mapping
 x - a scroll of recharging {unknown}
Potions
 g - 2 potions of lignification
 j - a potion of degeneration
 o - a potion of cancellation
 t - a potion of haste
 w - a potion of curing {unknown}
 C - 2 potions of flight
 D - a potion of agility
Comestibles
 d - 4 bread rations
 m - a royal jelly
 r - 2 fruits
 E - a chunk of flesh


   Skills:
 + Level 2.7 Fighting
 + Level 3.6 Throwing
 + Level 3.4 Dodging
 + Level 0.6 Stealth
 + Level 3.6 Shields
 + Level 5.0 Unarmed Combat


You had 6 spell levels left.
You didn't know any spells.

Dungeon Overview and Level Annotations

Branches:
Dungeon (5/15)
 Temple: D:4-7

Altars:
Cheibriados
Dithmenos
The Shining One

Annotations:
D:4 1 runed door


Innate Abilities, Weirdness & Mutations

You are too large for most types of armour.
You have claws for hands.
Your metabolism is lightning-fast.
You like to eat raw meat.
Your natural rate of healing is unusually fast.
You are covered in fur. (AC +1)
You have very tough skin. (AC +2)


Message History

You kill the orc!
The jackal bites you but does no damage.
You barely miss the orc. The jackal closely misses you.
You block the orc's attack. The jackal barely misses you.
Your shield prevents you from hitting the orc.
The jackal bites you but does no damage.
The orc hits you but does no damage.
The orc wizard gestures wildly while chanting.
The orc wizard flickers and vanishes!
Deactivating autopickup; reactivate with Ctrl-A.
You claw the orc!
You kill the orc!
You block the jackal's attack.
The orc priest invokes the aid of Beogh against you.
Beogh smites you!
* * * LOW HITPOINT WARNING * * *
You feel very mighty all of a sudden. You block the jackal's attack.
The jackal barely misses you. Something hits you.
You die...

.(... ... ... (.. #####
#o# ....# #(# ###.# #)#
#.# #@# ###.### ###h###
......# #..ho.# ###.#.#
#.#.#.# ##....# #.#...##
#.###.## #.###..## #.#
#..#######.......####
..###...................'
.......###########...####


You could see 2 orc priests and 2 jackals.

Vanquished Creatures
  The ghost of kaze the Skirmisher, an amateur HOFi (D:4)
  2 ogres (D:4)
  A scorpion (D:4)
  2 orc priests
  3 orc wizards
  A centaur skeleton (D:4)
  A worker ant (D:4)
  A hound zombie (D:4)
  3 adders
  An ooze (D:3)
  2 worms (D:3)
  4 leopard geckos
  10 orcs
  7 bats
  4 giant cockroaches
  9 goblins
  6 hobgoblins
  4 jackals
  6 kobolds
  2 quokkas
  4 ball pythons
  4 frilled lizards
  9 rats
87 creatures vanquished.

Notes
Turn   | Place    | Note
-------+----------+-------------------------------------------
     0 | D:1      | chorizette the Troll Fighter began the quest for the Orb.
     0 | D:1      | Reached XP level 1. HP: 22/22 MP: 0/0
   170 | D:1      | Reached XP level 2. HP: 29/29 MP: 1/1
   508 | D:1      | Reached XP level 3. HP: 36/36 MP: 2/2
  1256 | D:2      | Reached XP level 4. HP: 44/44 MP: 3/3
  1655 | D:3      | Found a shadowy altar of Dithmenos.
  2149 | D:3      | Reached skill level 3 in Unarmed Combat
  2313 | D:3      | Found a snail-covered altar of Cheibriados.
  2409 | D:3      | Reached skill level 1 in Throwing
  2411 | D:3      | Reached XP level 5. HP: 13/50 MP: 4/4
  2662 | D:4      | Found a glowing golden altar of the Shining One.
  2662 | D:4      | Found a runed door.
  2662 | D:4      | Noticed an angel
  2720 | D:4      | Noticed an ogre
  2741 | D:4      | Killed an ogre
  2741 | D:4      | Reached skill level 4 in Unarmed Combat
  2741 | D:4      | Reached XP level 6. HP: 17/59 MP: 5/5
  2805 | D:5      | Entered Level 5 of the Dungeon
  3329 | D:4      | Reached XP level 7. HP: 66/66 MP: 6/6
  3332 | D:4      | Noticed kaze's ghost (amateur HOFi)
  3350 | D:4      | Killed kaze's ghost
  3350 | D:4      | Reached skill level 5 in Unarmed Combat
  3369 | D:4      | HP: 1/66 [orc priest/divine providence (9)]
  3370 | D:4      | Slain by an orc wizard

Skill      XL: |  1  2  3  4  5  6  7 |
---------------+----------------------+-----
Shields        | 3 |  3.6
Dodging        | 3 |  3.4
Unarmed Combat | 3 4 5 |  5.0
Throwing       | 1 2 3 |  3.6
Fighting       | |  2.7
Stealth        | |  0.6

Action                   |  1- 3 |  4- 6 |  7- 9 || total
-------------------------+-------+-------+-------++-------
Melee: Unarmed           |   126 |   132 |    29 ||   287
Throw: Stone             |    28 |    93 |     5 ||   126
  Use: Scroll            |     5 |     5 |       ||    10
       Potion            |       |     1 |     1 ||     2
  Eat: Chunk             |    15 |    17 |       ||    32
       Bread ration      |       |     1 |       ||     1
Armor: Robe              |    34 |    21 |     8 ||    63
       Skin              |       |     6 |       ||     6
Dodge: Dodged            |    36 |    27 |    12 ||    75
Block: Shield            |    45 |    47 |    13 ||   105
